 Dungeon Crawl Stone Soup version 0.31.0-1-g2c135a0 (webtiles) character file.

Game seed: 4210532053701056744

7052 thebeef the Cleaver (level 10, 0/91 HPs)
             Began as a Minotaur Gladiator on Feb 23, 2024.
             Was a Priest of Okawaru.
             Slain by a death yak (22 damage)
             ... on level 9 of the Dungeon.
             The game lasted 00:18:47 (8784 turns).

thebeef the Cleaver (Minotaur Gladiator)            Turns: 8784, Time: 00:18:47

Health: 0/91       AC: 17    Str: 23    XL:     10   Next: 83%
Magic:  8/10       EV: 14    Int:  5    God:    Okawaru [***...]
Gold:   585        SH:  8    Dex: 12    Spells: 9/9 levels left

rFire   . . .        a - +0 war axe
rCold   . . .        u - +2 buckler
rNeg    . . .        p - +4 ring mail
rPois   .            w - +1 hat
rElec   .            (no cloak)
rCorr   .            (no gloves)
SInv    +            (no boots)
Will    .....        E - amulet of regeneration
Stlth   ++           F - ring "Fuqavunn" {AC+4 Slay+2}
HPRegen 1.15/turn    i - ring of see invisible
MPRegen 0.12/turn

%: no passive effects
@: heroic
A: horns 2, retaliatory headbutt
a: Renounce Religion, Heroism


You were on level 9 of the Dungeon.
You worshipped Okawaru.
Okawaru was most pleased with you.
You visited 2 branches of the dungeon, and saw 10 of its levels.

You collected 585 gold pieces.

Inventory:

Hand Weapons
 a - a +0 war axe (weapon)
Missiles
 d - 3 throwing nets
 H - 3 boomerangs (quivered)
Armour
 p - a +4 ring mail (worn)
 u - a +2 buckler (worn)
 w - a +1 hat (worn)
Jewellery
 f - a ring of willpower
 i - a ring of see invisible (right hand)
 z - a ring of protection from cold
 E - an amulet of regeneration (around neck)
 F - the ring "Fuqavunn" (left hand) {AC+4 Slay+2}
   (You found it on level 9 of the Dungeon)

   [ring of protection]

   AC+4:      It affects your AC (+4).
   Slay+2:    It affects your accuracy & damage with ranged weapons and melee
   (+2).
Wands
 e - a wand of roots (2)
 y - a wand of digging (3)
Scrolls
 b - 2 scrolls of poison
 c - a scroll of immolation {unknown}
 h - 2 scrolls of fog
 k - a scroll of amnesia {unknown}
 m - 2 scrolls of noise
 o - a scroll of revelation {unknown}
 q - 5 scrolls of blinking
 r - a scroll of teleportation {unknown}
 v - a scroll of fear
 A - a scroll of enchant armour {unknown}
Potions
 g - 6 potions of curing
 j - 2 potions of heal wounds
 l - a potion of lignification {unknown}
 n - 4 potions of might {unknown}
 s - a potion of degeneration {unknown}
 t - a potion of haste {unknown}
 x - 2 potions of berserk rage {unknown}
 B - a potion of magic {unknown}
 C - a potion of ambrosia {unknown}
 D - a potion of attraction {unknown}


   Skills:
 + Level 9.6(14.6) Fighting
 * Level 13.5(18.5) Axes
 + Level 3.2(8.2) Throwing
 + Level 9.2(14.2) Armour
 - Level 3.2(8.2) Dodging
 - Level 5.0(10.0) Shields
 + Level 2.2 Invocations
 + Level 2.0 Evocations


You had 9 spell levels left.
You didn't know any spells.
Your spell library contained the following spells:

 Spells                   Type           Power      Damage    Failure   Level
 Necrotise                Necr           0%         1d4       63%         1
 Ensorcelled Hibernation  Hex/Ice        0%         N/A       77%         2
 Scorch                   Fire           0%         2d5       77%         2
 Fugue of the Fallen      Necr           0%         N/A       94%         3
 Vampiric Draining        Necr           0%         2d6       94%         3
 Anguish                  Hex/Necr       0%         N/A       100%        4
 Dimensional Bullseye     Hex/Tloc       0%         N/A       100%        4
 Flame Wave               Conj/Fire      0%         2d4       100%        4
 Iskenderun's Mystic Bla  Conj/Tloc      0%         2d3       100%        4
 Curse of Agony           Necr           0%         N/A       100%        5
 Tukima's Dance           Hex            Unusable   N/A       N/A         3
 Martyr's Knell           Necr/Summ      Unusable   N/A       N/A         4
 Summon Cactus Giant      Summ           Unusable   N/A       N/A         6

Dungeon Overview and Level Annotations

Branches:
Dungeon (9/15)             Temple (1/1) D:6            Lair (0/5) D:9
    Orc: D:9-12

Altars:
Ashenzari
Cheibriados
Elyvilon
Fedhas
Hepliaklqana
Kikubaaqudgha
Makhleb
Nemelex Xobeh
Okawaru
Qazlal
Ru
Sif Muna
Trog
Uskayaw
Vehumet
Wu Jian
Xom
Yredelemnul
Zin
The Shining One

Shops:
D:2 =


Innate Abilities, Weirdness & Mutations

You have a pair of horns on your head.
You reflexively headbutt those who attack you in melee.


Message History

Your Evocations skill increases to level 2!
Unknown command.
You slice the death yak!!
The death yak is severely wounded.
You slash the death yak!
The grasping roots constrict the death yak.
The grasping roots constrict the death yak, but do no damage.
The death yak barely misses you.
The death yak struggles to escape constriction.
You hit the death yak but do no damage.
The death yak is heavily wounded.
You hit the death yak.
The grasping roots constrict the death yak. x2
The death yak gores you!
Unknown command.
You hit the death yak but do no damage. You headbutt the death yak.
The death yak is severely wounded.
You barely miss the death yak.
The grasping roots constrict the death yak. x2
The roots release their grip on the death yak. x2
The death yak snorts and paws the ground.
The death yak gores you but does no damage.
You barely miss the death yak. You headbutt the death yak.
The death yak is severely wounded.
You slash the death yak! The death yak gores you!
* * * LOW HITPOINT WARNING * * *
Unknown command.
As you read the scroll of fear, it crumbles to dust.
You assume a fearsome visage.
The death yak looks frightened! x3
Throw: 3 boomerangs
Press: ? - help, Q - select action, (/) - cycle Shift-Dir - straight line, f - death yak, p - death yak
Aim: a death yak (almost dead, fleeing, 83% to hit)
You throw a boomerang.
The boomerang hits the death yak but does no damage.
Your attack snaps the death yak out of its fear.
The death yak is almost dead.
You barely miss the death yak. You headbutt the death yak!
The death yak is almost dead.
The death yak gores you!!
You die...

#.# #.# #....... #.#
######.#######.###### #.#
#####)..............# #.#
#..)).####.#######..##### #.#
#.##### #.# #..#.. . #.#
#.###.####.## #..#.# # ##.#
#.##.#.#.Y..######<.#.## ...#
#.#.###..#..##....>.YY.## ####
#..##...@.†Y....(......Y.
#.#.....Y#.###.###..##.##
#.....(.P..##...##..##.#
#.....).............##.#
#########P.P.#....###...###.##.#
............###...####.## #....#
.#####.#........P..#
#.######..## .# #.............#
#.........## .#
#..P##.(_..##.##########.###


You could see 3 death yaks.

Vanquished Creatures
  4 death yaks
  Jeremiah (D:7)
  Sigmund (D:2)
  A wraith (D:8)
  6 yaks (D:8)
  A steam dragon (D:8)
  An acid dragon (D:9)
  A water moccasin (D:6)
  3 ice beasts
  2 orc warriors (D:9)
  A black bear (D:6)
  An ogre (D:6)
  2 centaurs (D:9)
  3 phantoms
  A bullfrog (D:6)
  2 scorpions
  4 wights (D:6)
  6 killer bees (D:7)
  2 howler monkeys
  A hound (D:6)
  2 bullfrog zombies (D:4)
  5 quasits (D:5)
  2 gnoll boudas
  6 orc priests
  4 sleepcaps
  Jessica (D:2)
  An iguana (D:5)
  Terence (D:2)
  Natasha (thrice) (D:2)
  5 orc wizards
  2 hound skeletons (D:4)
  7 gnolls
  4 adders
  A hound simulacrum (D:4)
  2 shadow imps
  3 white imps
  5 ufetubi (D:5)
  3 dart slugs
  2 ribbon worms
  41 orcs
  4 endoplasms
  A giant cockroach (D:2)
  9 hobgoblins
  8 jackals
  5 kobolds
  5 quokkas
  6 ball pythons
  2 bats
  2 frilled lizards (D:2)
  5 goblins
  A quokka simulacrum (D:4)
  3 rats
195 creatures vanquished.

Notes
Turn   | Place    | Note
-------+----------+-------------------------------------------
     0 | D:1      | thebeef the Minotaur Gladiator began the quest for the Orb.
     0 | D:1      | Reached XP level 1. HP: 18/18 MP: 0/0
   255 | D:1      | Reached skill level 4 in Axes
   409 | D:1      | Reached XP level 2. HP: 22/25 MP: 1/1
   485 | D:1      | Reached skill level 1 in Armour
   777 | D:2      | Reached XP level 3. HP: 28/31 MP: 2/2
   805 | D:2      | Noticed Terence
   815 | D:2      | Killed Terence
   970 | D:2      | Noticed Jessica
   976 | D:2      | Killed Jessica
   977 | D:2      | Reached skill level 5 in Axes
   977 | D:2      | Reached XP level 4. HP: 36/38 MP: 3/3
  1059 | D:2      | Noticed Sigmund
  1074 | D:2      | Killed Sigmund
  1075 | D:2      | Reached skill level 6 in Axes
  1075 | D:2      | Reached XP level 5. HP: 20/46 MP: 4/4
  1196 | D:2      | Noticed Natasha
  1200 | D:2      | Killed Natasha
  1201 | D:2      | Reached XP level 6. HP: 52/52 MP: 5/5
  1253 | D:2      | Noticed Natasha
  1262 | D:2      | Killed Natasha
  1466 | D:2      | Found Xytiagg's Jewellery Shoppe.
  1575 | D:2      | Noticed Natasha
  1582 | D:2      | Killed Natasha
  1695 | D:3      | Found a hazy altar of Hepliaklqana.
  2490 | D:4      | Reached skill level 7 in Axes
  2494 | D:4      | Reached XP level 7. HP: 60/60 MP: 6/6
  2497 | D:4      | Reached skill level 5 in Fighting
  2516 | D:4      | Identified the +5 dagger of the Postmodern Suns {pain,
                  | ^Contam rElec Str+2 SInv}
  2934 | D:4      | Reached skill level 8 in Axes
  3079 | D:5      | Entered Level 5 of the Dungeon
  3100 | D:5      | Reached skill level 5 in Armour
  3237 | D:5      | Reached XP level 8. HP: 49/70 MP: 7/7
  3280 | D:5      | Reached skill level 1 in Shields
  3576 | D:5      | Reached skill level 9 in Axes
  4256 | D:6      | Found a shimmering blue altar of Sif Muna.
  4421 | D:6      | Found a staircase to the Ecumenical Temple.
  4479 | Temple   | Entered the Ecumenical Temple
  4515 | Temple   | Became a worshipper of Ru the Awakened
  4598 | D:6      | Found a glowing golden altar of the Shining One.
  4844 | D:6      | Found an iron altar of Okawaru.
  4858 | D:6      | Fell from the grace of Ru
  4858 | D:6      | Became a worshipper of Warmaster Okawaru
  5180 | D:6      | Reached skill level 10 in Axes
  5196 | D:6      | Found a basalt altar of Yredelemnul.
  5495 | D:7      | Reached XP level 9. HP: 78/78 MP: 8/8
  5511 | D:7      | Reached skill level 5 in Shields
  5865 | D:7      | Noticed Jeremiah
  5878 | D:7      | Killed Jeremiah
  5878 | D:7      | Reached * piety under Okawaru
  5896 | D:7      | Reached skill level 11 in Axes
  6359 | D:8      | Found an ornate altar of the Wu Jian Council.
  6541 | D:8      | Reached ** piety under Okawaru
  6543 | D:8      | Reached skill level 12 in Axes
  6548 | D:8      | Reached XP level 10. HP: 17/90 MP: 9/9
  6760 | D:8      | Found a bloodstained altar of Trog.
  6941 | D:8      | Found a shimmering altar of Xom.
  7468 | D:9      | Noticed a death yak
  7470 | D:9      | Noticed a death yak
  7470 | D:9      | Noticed a death yak
  7488 | D:9      | Noticed a death yak
  7492 | D:9      | Noticed a death yak
  7493 | D:9      | Noticed a death yak
  7495 | D:9      | Killed a death yak
  7496 | D:9      | Noticed a death yak
  7840 | D:9      | Reached *** piety under Okawaru
  8075 | D:9      | Found an ancient bone altar of Kikubaaqudgha.
  8221 | D:9      | Identified the ring "Fuqavunn" {AC+4 Slay+2}
  8242 | D:9      | Found a staircase to the Lair.
  8469 | D:8      | Killed a death yak
  8470 | D:8      | Reached skill level 13 in Axes
  8470 | D:8      | Reached skill level 1 in Invocations
  8470 | D:8      | Reached skill level 1 in Evocations
  8773 | D:9      | Killed a death yak
  8777 | D:9      | Killed a death yak
  8784 | D:9      | Slain by a death yak

Illustrated notes

Levels and vault maps discovered:
D:1:      scummos_arrival_simple_fountains, layout_basic, minmay_box_of_dots
D:2:      layout_loops_ring, serial_shops, nicolae_diamond_shop, uniq_jessica,
          uniq_sigmund, uniq_terence, uniq_natasha
D:3:      layout_loops_ring, lemuel_round_altar
D:4:      layout_gridville, dilly_guarded_unrand_morg
D:5:      layout_basic, serial_demonic, serial_demonic_g, serial_demonic_c,
          serial_demonic_c, serial_demonic_g, serial_demonic_c, serial_demonic_f
D:6:      layout_basic, kennysheep_mini_moat, okawaru_ov_weapons_minmay,
          tso_metal_star, mainiacjoe_overflow_boulevard, temple_hall
D:7:      layout_layer_cave, uniq_jeremiah
D:8:      layout_basic, xom_butterflies,
          mainiacjoe_overflow_concentric_impassable, trog_book,
          small_statue_intersection
D:9:      layout_loops_ring, kiku_gazebo_garden_becter, dpeg_lair_monsters,
          serial_bayou_lagoon_a
Temple:   nicolae_temple_ecumenical_triangle

Skill      XL: |  1  2  3  4  5  6  7  8  9 10 |
---------------+-------------------------------+-----
Axes           | 4 5 6 7 8 10 12 13 | 13.5
Armour         | 1 2 3 4 5 6 8 9 |  9.2
Fighting       | 3 4 6 8 9 |  9.6
Shields        | 4 5 |  5.0
Invocations    | 2 |  2.2
Evocations     | 2 |  2.0
Throwing       | 3 |  3.2
Dodging        | |  3.2

Action                     |  1- 3 |  4- 6 |  7- 9 | 10-12 || total
---------------------------+-------+-------+-------+-------++-------
  Melee: War axe           |    59 |    81 |   267 |    94 ||   501
         Headbutt          |    10 |    16 |    53 |    35 ||   114
         Punch             |     1 |     1 |     2 |       ||     4
  Throw: Throwing net      |     2 |       |     1 |       ||     3
         Boomerang         |       |       |       |     5 ||     5
         Javelin           |       |       |       |     2 ||     2
 Invoke: Heroism           |       |       |       |     3 ||     3
  Evoke: Wand              |       |       |       |     3 ||     3
    Use: Scroll            |     3 |       |     1 |     5 ||     9
   Stab: Held in net/web   |     1 |       |       |       ||     1
 Armour: Leather armour    |    12 |       |       |       ||    12
         Scale mail        |    39 |       |       |       ||    39
         Chain mail        |     1 |    53 |       |       ||    54
         Ring mail         |       |    21 |   215 |    62 ||   298
  Dodge: Dodged            |    47 |    51 |   157 |    31 ||   286
  Block: Buckler           |       |       |    61 |    24 ||    85
